 Dungeon Crawl Stone Soup version 0.28-a0-1429-gf3d713df7a (webtiles) character file.

Game seed: 16147774033389850690

12943 Morgenrath the Fighter (level 11, -8/104 HPs)
             Began as a Minotaur Fighter on Jan 6, 2022.
             Was a Priest of the Shining One.
             Succumbed to a cane toad's poison
             ... on level 5 of the Lair of Beasts on Jan 14, 2022.
             The game lasted 01:11:13 (12790 turns).

Morgenrath the Fighter (Minotaur Fighter)          Turns: 12790, Time: 01:11:13

Health: -8/104     AC: 12    Str: 22    XL:     11   Next: 69%
Magic:  0/10       EV: 11    Int:  5    God:    the Shining One [***...]
Gold:   605        SH:  7    Dex: 19    Spells: 10/10 levels left

rFire   . . .      SeeInvis .   X - +6 dagger "Misuol" {venom, Str-3 Dex+3}
rCold   . . .      Faith    .   c - +0 buckler
rNeg    + . .      Spirit   +   L - +0 steam dragon scales
rPois   .          Reflect  .   (helmet restricted)
rElec   .          Harm     .   B - +0 cloak
rCorr   +          Rampage  .   h - +0 pair of gloves
Will    .....                   i - +0 pair of boots
Stlth   +.........              R - amulet of guardian spirit
HPRegen 0.27/turn               F - +6 ring of dexterity
MPRegen 0.12/turn               Q - ring of resist corrosion

@: lethally poisoned (-8 -> -55), glowing
A: horns 2, retaliatory headbutt
a: Renounce Religion, Divine Shield, Cleansing Flame


You were on level 5 of the Lair of Beasts.
You worshipped the Shining One.
The Shining One was most pleased with you.
You visited 3 branches of the dungeon, and saw 14 of its levels.

You collected 605 gold pieces.

Inventory:

Hand Weapons
 a - a +0 war axe
 y - a +1 spear of freezing
 I - a +1 hand axe of flaming
 X - the +6 dagger "Misuol" (weapon) {venom, Str-3 Dex+3}
   (You found it on level 4 of the Lair of Beasts)

   It poisons the flesh of those it strikes.
   Str:       It affects your strength (-3).
   Dex:       It affects your dexterity (+3).
Missiles
 e - 295 stones (quivered)
 x - 5 throwing nets
 z - 33 poisoned darts
Armour
 c - a +0 buckler (worn)
 h - a +0 pair of gloves (worn)
 i - a +0 pair of boots (worn)
 A - a +2 buckler
 B - a +0 cloak (worn)
 J - an orb of wrath
 L - +0 steam dragon scales (worn)
Jewellery
 F - a +6 ring of dexterity (left hand)
 H - a ring of flight
 O - a ring of ice
 Q - a ring of resist corrosion (right hand)
 R - an amulet of guardian spirit (around neck)
Wands
 m - a wand of flame (43)
 v - a wand of mindburst (27)
 N - a wand of polymorph (10)
 P - a wand of charming (3)
 T - a wand of iceblast (4)
 W - a wand of acid (4)
Scrolls
 b - a scroll of blinking {unknown}
 f - 8 scrolls of identify {unknown}
 g - 2 scrolls of fear {unknown}
 j - a scroll of magic mapping {unknown}
 l - a scroll of summoning {unknown}
 n - 10 scrolls of teleportation {unknown}
 o - a scroll of vulnerability {unknown}
 t - a scroll of brand weapon {unknown}
 w - 3 scrolls of amnesia {unknown}
 E - a scroll of torment {unknown}
 G - a scroll of enchant armour {unknown}
 U - a scroll of fog {unknown}
Potions
 d - a potion of might
 k - 4 potions of haste
 p - 4 potions of curing {unknown}
 q - a potion of brilliance {unknown}
 r - 2 potions of degeneration {unknown}
 s - a potion of mutation {unknown}
 u - 4 potions of heal wounds {unknown}
 C - a potion of invisibility {unknown}
 D - 2 potions of attraction {unknown}
 K - a potion of resistance {unknown}
 M - 2 potions of flight
 S - a potion of berserk rage {unknown}
 V - a potion of lignification {unknown}


   Skills:
 - Level 12.0 Fighting
 - Level 12.0 Axes
 + Level 11.0 Armour
 + Level 9.8 Shields
 + Level 5.6 Evocations


You had 10 spell levels left.
You didn't know any spells.
Your spell library was empty.

Dungeon Overview and Level Annotations

Branches:
Dungeon (8/15)             Temple (1/1) D:5            Lair (5/6) D:8
 Spider (0/4) Lair:4
  Swamp: Lair:2-4    Shoals: Lair:2-4     Snake: Lair:2-4     Slime: Lair:5-6

Altars:
Ashenzari
Cheibriados
Dithmenos
Elyvilon
Fedhas
Gozag
Hepliaklqana
Kikubaaqudgha
Makhleb
Nemelex Xobeh
Okawaru
Qazlal
Ru
Sif Muna
Trog
Uskayaw
Vehumet
Wu Jian
Xom
Yredelemnul
Zin
The Shining One

Shops:
D:3 =

Annotations:
D:3 2 transporters, Stonecrops's ghost, amateur FoFi
Lair:4 exclusion: 2 oklob plants


Innate Abilities, Weirdness & Mutations

You have a pair of horns on your head.
You reflexively headbutt those who attack you in melee.


Message History

You hit the cane toad.
The cane toad is moderately wounded.
The cane toad stings you but does no damage.
The cane toad stings you!
You are poisoned.
The cane toad poisons you!
You hit the cane toad.
The cane toad is heavily wounded.
You feel very sick. The cane toad stings you!
You are more poisoned.
The cane toad poisons you! The cane toad stings you!
You block the cane toad's attack.
You completely miss the cane toad.
The cane toad is heavily wounded.
You feel very sick. The cane toad stings you!
The cane toad stings you but does no damage.
The cane toad stings you.
You hit the cane toad.
You headbutt the cane toad, but do no damage.
The cane toad is severely wounded.
You feel very sick. You block the cane toad's attack. The cane toad stings you!
* * * LOW HITPOINT WARNING * * *
You are lethally poisoned!
The cane toad poisons you!
You barely miss the cane toad.
You headbutt the cane toad, but do no damage.
The cane toad is severely wounded.
* * * LOW HITPOINT WARNING * * *
You feel extremely sick. The cane toad stings you!
* * * LOW HITPOINT WARNING * * *
You are more poisoned.
The cane toad poisons you! The cane toad closely misses you.
You hit the cane toad.
You headbutt the cane toad, but do no damage.
The cane toad is severely wounded.
You die...

#P............#
#..............
P.##......<......#
..............####
.####.........#
###......##
######..#
###.PP#.+#.##
.....PP@....#
P....[FF.....#
#...........+..
................
.............P#.
..(..........P#
............###
........^.).#


You could see 2 cane toads.

Vanquished Creatures
  Harold (D:8)
  4 hydras
  A lindwurm (Lair:3)
  Pikel (D:7)
  A black mamba (Lair:1)
  4 komodo dragons
  Maggie (D:7)
  A rime drake (Lair:2)
  Sigmund (D:2)
  11 yaks
  2 wyverns
  2 basilisks
  7 water moccasins
  An acid dragon (D:6)
  Duvessa (D:7)
  2 orc warriors
  2 ice beasts
  7 black bears
  An ogre (D:6)
  A centaur (D:5)
  A kobold brigand (D:8)
  A lemure (D:7)
  6 bullfrogs
  4 scorpions
  A water moccasin zombie (D:6)
  Dowan (D:7)
  10 killer bees
  2 electric eels (Lair:2)
  7 wights
  3 centaur zombies
  3 centaur skeletons
  An iron imp (D:5)
  2 jellies
  A gnoll shaman (D:6)
  4 orc priests
  3 hounds
  2 bullfrog skeletons (D:5)
  2 iguanas
  6 orc wizards
  2 killer bee zombies
  A hound zombie (D:5)
  A howler monkey zombie (D:8)
  Robin (D:3)
  10 gnolls
  5 adders
  3 ufetubi
  2 adder skeletons (D:4)
  2 worms
  A dart slug (D:2)
  26 orcs
  4 endoplasms
  2 giant cockroaches (D:4)
  10 goblins
  6 hobgoblins
  8 jackals (D:3)
  15 kobolds
  4 quokkas
  9 ball pythons
  4 bats (D:1)
  11 rats
239 creatures vanquished.

Vanquished Creatures (others)
  2 fungi
  2 plants
4 creatures vanquished.

Grand Total: 243 creatures vanquished

Notes
Turn   | Place    | Note
-------+----------+-------------------------------------------
     0 | D:1      | Morgenrath the Minotaur Fighter began the quest for the
                  | Orb.
     0 | D:1      | Reached XP level 1. HP: 19/19 MP: 0/0
   264 | D:1      | Reached XP level 2. HP: 27/27 MP: 1/1
  1000 | D:2      | Noticed Sigmund
  1008 | D:2      | Killed Sigmund
  1009 | D:2      | Reached XP level 3. HP: 25/35 MP: 2/2
  1009 | D:2      | Reached XP level 4. HP: 29/41 MP: 3/3
  1009 | D:2      | Reached XP level 5. HP: 34/47 MP: 4/4
  1156 | D:2      | Found a faded altar of an unknown god.
  1399 | D:2      | Reached skill level 5 in Shields
  1507 | D:3      | Reached skill level 5 in Fighting
  1577 | D:3      | Reached skill level 5 in Armour
  1845 | D:3      | Noticed Robin
  1854 | D:3      | Killed Robin
  1857 | D:3      | Reached XP level 6. HP: 51/56 MP: 5/5
  1910 | D:3      | Found a transporter.
  1916 | D:3      | Noticed Stonecrops's ghost (amateur FoFi)
  2155 | D:3      | Found Ahoutroa's Jewellery Shoppe.
  2192 | D:3      | Found a transporter.
  2741 | D:4      | Upgraded the game from 0.28-a0-1406-ga8dd43b1d0 to
                  | 0.28-a0-1429-gf3d713df7a
  2900 | D:4      | Noticed a water moccasin
  2924 | D:4      | Killed a water moccasin
  2925 | D:4      | Reached skill level 5 in Axes
  2925 | D:4      | Reached XP level 7. HP: 19/62 MP: 6/6
  3838 | D:5      | Entered Level 5 of the Dungeon
  3905 | D:5      | Found a staircase to the Ecumenical Temple.
  3912 | Temple   | Entered the Ecumenical Temple
  4179 | Temple   | Became a worshipper of the Shining One
  4448 | D:5      | Found a snail-covered altar of Cheibriados.
  4460 | D:5      | Reached XP level 8. HP: 68/71 MP: 7/7
  4711 | D:5      | Reached * piety under the Shining One
  4990 | D:5      | Found a glowing silver altar of Zin.
  5951 | D:6      | You fall into a shaft and drop 2 floors!
  5959 | D:8      | Reached XP level 9. HP: 82/82 MP: 8/8
  5967 | D:8      | Noticed Harold
  5992 | D:8      | Killed Harold
  5995 | D:8      | Found a shimmering blue altar of Sif Muna.
  6297 | D:8      | Reached skill level 10 in Fighting
  6468 | D:8      | Reached skill level 10 in Axes
  6715 | D:8      | Found a staircase to the Lair.
  6803 | D:8      | Found a shimmering altar of Xom.
  6805 | D:8      | Found a burning altar of Makhleb.
  7151 | D:7      | Reached ** piety under the Shining One
  7380 | D:7      | Noticed Maggie
  7397 | D:7      | Killed Maggie
  7398 | D:7      | Reached XP level 10. HP: 79/96 MP: 9/9
  7403 | D:7      | Noticed Pikel
  7412 | D:7      | Killed Pikel
  7528 | D:7      | Noticed Dowan
  7528 | D:7      | Noticed Duvessa
  7539 | D:7      | Killed Duvessa
  7540 | D:7      | Found a sparkling altar of Nemelex Xobeh.
  7541 | D:7      | Killed Dowan
  8432 | D:6      | Reached skill level 1 in Evocations
  8676 | Lair:1   | Entered Level 1 of the Lair of Beasts
  8751 | Lair:1   | Noticed a black mamba
  8759 | Lair:1   | Killed a black mamba
  9125 | Lair:3   | Noticed an eight-headed hydra
  9136 | Lair:3   | Killed a five-headed hydra
  9136 | Lair:3   | Noticed a lindwurm
  9858 | Lair:2   | Reached XP level 11. HP: 89/104 MP: 10/10
 10887 | Lair:3   | Killed a lindwurm
 11250 | Lair:4   | Noticed a seven-headed hydra
 11261 | Lair:4   | Killed a one-headed hydra
 11262 | Lair:4   | Reached skill level 10 in Armour
 11537 | Lair:4   | Reached *** piety under the Shining One
 11630 | Lair:4   | Noticed an oklob plant
 11657 | Lair:4   | Found a hole to the Spider Nest.
 11740 | Lair:4   | Noticed a four-headed hydra
 11749 | Lair:4   | Killed a one-headed hydra
 11757 | Lair:4   | Reached skill level 5 in Evocations
 11966 | Lair:4   | Noticed a five-headed hydra
 11974 | Lair:4   | Killed a one-headed hydra
 12073 | Lair:4   | Identified the +6 dagger "Misuol" {venom, Str-3 Dex+3}
 12162 | Lair:4   | Found a blossoming altar of Fedhas.
 12176 | Lair:4   | Noticed an oklob plant
 12789 | Lair:5   | HP: 3/104 [cane toad (11)]
 12790 | Lair:5   | Succumbed to a cane toad's poison

Illustrated notes

Levels and vault maps discovered:
D:1:      minmay_arrival_stone_box, layout_basic, minmay_misc_feat_plants
D:2:      layout_rooms, basic_ecumenical_altar, minmay_misc_feat_four_crosses,
          minmay_circled_x, uniq_sigmund
D:3:      layout_loops_ring, gammafunk_ghost_stat_death, serial_shops,
          shop_statue, uniq_robin
D:4:      layout_cave_pods, minmay_ruptured
D:5:      layout_loops_ring, slow_altar_1, zin_treasury,
          minmay_temple_entry_nine_rooms, corexii_corridor_pit
D:6:      layout_basic, nicolae_ossuary_entry_ruins, kennysheep_generic_room_12
D:7:      layout_basic, nemelex_spade_bored_becter, minmay_misc_feat_pillars,
          chequers_serial_rivers_room_b, uniq_pikel, uniq_maggie, uniq_duvessa
D:8:      layout_cave_pools, grunt_temple_overflow_open, lair_entry_dummy,
          uniq_harold
Temple:   eino_temple_scatter_basement
Lair:1:   dreamdust_isle_of_ice, layout_misc_corridors, serial_bayou_pond_e,
          minivault_11, beast_lair_carwin_8
Lair:2:   layout_chaotic_city, disabler_island, infiniplex_staircase_pool_2
Lair:3:   layout_cave_pods, guppyfry_snake_entry_garden, grunt_megastairs_4
Lair:4:   minmay_lair_oklob_chamber, layout_big_grid, spider_nest_entry_webs,
          tgw_fedhas, uniq_urug
Lair:5:   layout_roguey, lemuel_fruit_fields

Skill      XL: |  1  2  3  4  5  6  7  8  9 10 11 |
---------------+----------------------------------+-----
Armour         | 4 5 6 8 9 11 | 11.0
Fighting       | 4 5 6 8 11 12 | 12.0
Shields        | 4 5 6 7 9 |  9.8
Axes           | 3 4 5 6 8 10 12 | 12.0
Evocations     | 3 5 |  5.6

Action                   |  1- 3 |  4- 6 |  7- 9 | 10-12 || total
-------------------------+-------+-------+-------+-------++-------
Melee: War axe           |    50 |   126 |    11 |       ||   187
       Headbutt          |     6 |    22 |    89 |    75 ||   192
       Spear             |       |       |   146 |       ||   146
       Hand axe          |       |       |   150 |   227 ||   377
       Dagger            |       |       |       |    18 ||    18
  Use: Potion            |       |     1 |     2 |       ||     3
Armor: Scale mail        |    21 |    66 |    31 |       ||   118
       Chain mail        |       |       |    91 |     3 ||    94
       Steam dragon scal |       |       |       |    66 ||    66
Dodge: Dodged            |    24 |    64 |   125 |   102 ||   315
Block: Buckler           |    15 |    44 |    89 |    52 ||   200

Table legend: (Time is in decaauts)
 A = Elapsed time spent in this place.
 B = Non-inter-level travel time spent in this place.
 C = Inter-level travel time spent in this place.
 D = Time resting spent in this place.
 E = Time spent auto-exploring this place.
 F = Levels seen in this place.
 G = Mean time per level.
                   A        B        C        D        E       F      G
               +--------+--------+--------+--------+--------+-----+--------+
         Total |  12755 |  12617 |    138 |      0 |   8105 |  14 |  911.1 |
       Dungeon |   8392 |   8254 |    138 |      0 |   5734 |   8 | 1049.0 |
        Temple |    292 |    292 |      0 |      0 |    149 |   1 |  292.0 |
          Lair |   4069 |   4069 |      0 |      0 |   2222 |   5 |  813.8 |
               +--------+--------+--------+--------+--------+-----+--------+

Top non-repeatable levels by time:
  Lair:2: 1632 daAuts
  Lair:4: 1504 daAuts
     D:6: 1494 daAuts
     D:4: 1417 daAuts
     D:8: 1073 daAuts
     D:5: 1010 daAuts
     D:1: 959 daAuts
     D:7: 929 daAuts
     D:3: 803 daAuts
     D:2: 704 daAuts
  Lair:1: 533 daAuts
  Lair:3: 380 daAuts
  Temple: 292 daAuts
  Lair:5: 19 daAuts
